 Dungeon Crawl Stone Soup version 0.28-a0-773-g130ae17fe5 (webtiles) character file.

Game seed: 8343228962177094951

686 bande the Chopper (level 7, -1/44 HPs)
             Began as a Gargoyle Fighter on Nov 2, 2021.
             Slain by a gnoll (5 damage)
             ... on level 4 of the Dungeon.
             The game lasted 00:06:51 (5273 turns).

bande the Chopper (Gargoyle Fighter)                Turns: 5273, Time: 00:06:52

Health: -1/44      AC: 14    Str: 20    XL:     7   Next: 62%
Magic:  7/7        EV:  9    Int:  9    God:
Gold:   189        SH:  4    Dex: 10    Spells: 6/6 levels left

rFire   . . .      SeeInvis .   a - +0 war axe
rCold   . . .      Faith    +   c - +0 buckler
rNeg    + . .      Spirit   .   b - +0 scale mail
rPois   ∞          Reflect  .   d - +0 helmet
rElec   +          Harm     .   (no cloak)
rCorr   .          Rampage  .   (no gloves)
Will    .....                   e - +0 pair of boots
Stlth   ..........              h - amulet of faith
HPRegen 0.14/turn               (no ring)
MPRegen 0.10/turn               (no ring)

@: on berserk cooldown, slowed, very slow
A: sickness immunity, AC +4, negative energy resistance 1, electricity
resistance, torment resistance 1, petrification resistance
a: no special abilities


You were on level 4 of the Dungeon.
You visited 1 branch of the dungeon, and saw 5 of its levels.

You collected 189 gold pieces.

Inventory:

Hand Weapons
 a - a +0 war axe (weapon)
 n - a +0 war axe
 o - a +0 flail
Armour
 b - a +0 scale mail (worn)
 c - a +0 buckler (worn)
 d - a +0 helmet (worn)
 e - a +0 pair of boots (worn)
Jewellery
 h - an amulet of faith (around neck)
Wands
 m - a wand of iceblast (4)
 p - a wand of flame (23)
Scrolls
 k - 2 scrolls of teleportation
Potions
 f - 2 potions of cancellation
 g - a potion of ambrosia {unknown}
 i - a potion of heal wounds
 j - 2 potions of brilliance
 l - a potion of berserk rage


   Skills:
 + Level 4.6 Fighting
 + Level 5.5 Axes
 + Level 5.2 Armour
 - Level 0.2 Dodging
 + Level 4.5 Shields


You had 6 spell levels left.
You didn't know any spells.
Your spell library contained the following spells:

 Spells                   Type           Power      Damage    Failure   Level
 Sandblast                Erth           0%         2d4       73%         1
 Passwall                 Tmut/Erth      0%         N/A       86%         2
 Dazzling Flash           Conj/Hex       0%         N/A       97%         3
 Gell's Gravitas          Tloc           0%         N/A       97%         3
 Lesser Beckoning         Tloc           0%         N/A       97%         3
 Portal Projectile        Hex/Tloc       0%         N/A       97%         3
 Stone Arrow              Conj/Erth      0%         3d7       97%         3
 Teleport Other           Tloc           0%         N/A       97%         3
 Iskenderun's Mystic Bla  Conj/Tloc      0%         2d3       100%        4
 Blade Hands              Tmut           0%         N/A       100%        5
 Excruciating Wounds      Necr           0%         N/A       100%        5
 Starburst                Conj/Fire      0%         6d3       100%        6


Dungeon Overview and Level Annotations

Branches:
Dungeon (5/15)
 Temple: D:4-7

Altars:


Innate Abilities, Weirdness & Mutations

You are immune to sickness and miasma.
Your stone body is resilient. (AC +4)
You are immune to poison.
You resist negative energy. (rN+)
You are resistant to electric shocks. (rElec)
You are resistant to unholy torment.
You are immune to petrification.


Message History

You kill the gnoll shaman!
You closely miss the gnoll. The gnoll misses you. The gnoll barely misses you.
You barely miss the gnoll. You block the gnoll's attack.
The gnoll hits you from afar with a +0 halberd.
* * * LOW HITPOINT WARNING * * *
You slash the gnoll!
You kill the gnoll!
The gnoll hits you but does no damage.
You slash the hobgoblin!
You kill the hobgoblin!
The gnoll misses you.
There is an open door, spattered with blood here.
Items here: )) [ †.
You feel a strong urge to attack something.
The gnoll closely misses you.
Your scale mail prevents you from hitting the gnoll.
The gnoll is heavily wounded.
You are no longer berserk.
You are exhausted.
You feel yourself slow down. The gnoll barely misses you.
You barely miss the gnoll. You closely miss the gnoll.
You block the gnoll's attack. The gnoll hits you but does no damage.
The gnoll hits you with a +0 halberd.
* * * LOW HITPOINT WARNING * * *
You block the gnoll's attack.
You barely miss the gnoll. You hit the gnoll. The gnoll barely misses you.
You block the gnoll's attack. The gnoll hits you but does no damage.
The gnoll hits you with a +0 club.
* * * LOW HITPOINT WARNING * * *
Unknown command.
You slash the gnoll!
You kill the gnoll!
You hit the gnoll. You block the gnoll's attack.
The gnoll hits you with a +0 halberd.
* * * LOW HITPOINT WARNING * * *
The gnoll closely misses you.
Things that are here:
a +0 club; a +0 flail; a gnoll corpse The gnoll hits you with a +0 halberd.
You die...

############8.........8#.#
.# #.'.....).....'.# .#
##.#8.........8### .#
...##.........## .#
....##8.....8## .#
.....##.....## .#
......##8.8## .#
.......##g## .# #.)@.# .#
###### .# .# .#### ....##
.....# ....## ....#


You could see a gnoll.

Vanquished Creatures
  Grinder (D:3)
  2 scorpions (D:4)
  A jelly (D:4)
  A centaur skeleton (D:4)
  An orc priest (D:4)
  A gnoll shaman (D:4)
  An iguana (D:4)
  Robin (D:2)
  5 adders
  7 gnolls
  2 dart slugs (D:1)
  4 orcs
  2 ball pythons
  6 endoplasms
  5 giant cockroaches
  18 goblins
  8 hobgoblins
  5 jackals
  7 quokkas
  9 bats
  4 frilled lizards
  A jackal skeleton (D:4)
  3 kobolds
  2 rats
97 creatures vanquished.

Notes
Turn   | Place    | Note
-------+----------+-------------------------------------------
     0 | D:1      | bande the Gargoyle Fighter began the quest for the Orb.
     0 | D:1      | Reached XP level 1. HP: 14/14 MP: 1/1
    13 | D:1      | Reached XP level 2. HP: 10/19 MP: 2/2
   754 | D:1      | Reached XP level 3. HP: 23/23 MP: 3/3
  1192 | D:2      | Found a faded altar of an unknown god.
  1456 | D:2      | Noticed Robin
  1466 | D:2      | Reached XP level 4. HP: 3/29 MP: 4/4
  1470 | D:2      | Killed Robin
  2576 | D:3      | Noticed Grinder
  2589 | D:3      | Paralysed by Grinder for 5 turns
  2608 | D:3      | Paralysed by Grinder for 5 turns
  2616 | D:3      | Killed Grinder
  2617 | D:3      | Reached XP level 5. HP: 20/33 MP: 5/5
  2617 | D:3      | Reached XP level 6. HP: 23/38 MP: 6/6
  3624 | D:4      | Reached XP level 7. HP: 7/44 MP: 7/7
  3912 | D:4      | Reached skill level 5 in Axes
  4025 | D:4      | Reached skill level 5 in Armour
  4430 | D:5      | Entered Level 5 of the Dungeon
  5273 | D:4      | Slain by a gnoll

Illustrated notes

Levels and vault maps discovered:
D:1:      dpeg_arrival_windows_large_door, layout_loops_ring, st_stairs_2
D:2:      layout_basic, shapermc_ecumenical_altar_notcrosses, uniq_robin
D:3:      layout_rooms, wander_ebering_terrifying_dragon_lair, uniq_grinder
D:4:      layout_basic, gammafunk_ghost_grave, gup_sewer_entry_pipe,
          dk_noncrumbling_4
D:5:      layout_basic, pdpol_wu_jian_five_deadly_venoms, minmay_holes

Skill      XL: |  1  2  3  4  5  6  7 |
---------------+----------------------+-----
Axes           | 2 4 5 |  5.5
Armour         | 4 5 |  5.2
Fighting       | 4 |  4.6
Shields        | 4 |  4.5
Dodging        | |  0.2

Action                   |  1- 3 |  4- 6 |  7- 9 || total
-------------------------+-------+-------+-------++-------
Melee: War axe           |    91 |   150 |   102 ||   343
  Use: Scroll            |     5 |     1 |     1 ||     7
       Potion            |       |     4 |     1 ||     5
Armor: Scale mail        |    57 |   114 |    54 ||   225
Dodge: Dodged            |    50 |    95 |    57 ||   202
Block: Buckler           |    25 |    30 |    31 ||    86

Table legend: (Time is in decaauts)
 A = Elapsed time spent in this place.
 B = Non-inter-level travel time spent in this place.
 C = Inter-level travel time spent in this place.
 D = Time resting spent in this place.
 E = Time spent auto-exploring this place.
 F = Levels seen in this place.
 G = Mean time per level.
                   A        B        C        D        E       F      G
               +--------+--------+--------+--------+--------+-----+--------+
         Total |   5401 |   5344 |     57 |   1366 |   2941 |   5 | 1080.2 |
       Dungeon |   5401 |   5344 |     57 |   1366 |   2941 |   5 | 1080.2 |
               +--------+--------+--------+--------+--------+-----+--------+

Top non-repeatable levels by time:
     D:4: 1576 daAuts
     D:3: 1176 daAuts
     D:1: 1078 daAuts
     D:2: 1065 daAuts
     D:5: 504 daAuts
